 Dungeon Crawl Stone Soup version 0.23.2-30-g0e89c35649 (webtiles) character file.

Game seed: 18058380574714345896

924 Mrkan the Basher (level 7, -2/64 HPs)
             Began as a Minotaur Fighter on June 23, 2019.
             Was an Initiate of Trog.
             Splashed by an orc wizard's acid (5 damage)
             ... on level 5 of the Dungeon.
             The game lasted 00:08:40 (4076 turns).

Mrkan the Basher (Minotaur Fighter)                 Turns: 4076, Time: 00:08:41

Health: -2/64      AC: 10    Str: 21    XL:     7   Next: 84%
Magic:  6/6        EV:  6    Int:  5    God:    Trog [......]
Gold:   265        SH: 11    Dex: 11    Spells: 6/6 levels left

rFire    . . .     SeeInvis .   j - +2 whip (flame)
rCold    . . .     Gourm    .   c - +1 shield
rNeg     . . .     Faith    .   h - +0 chain mail
rPois    .         Spirit   .   (helmet restricted)
rElec    .         Reflect  .   (no cloak)
rCorr    +         Harm     .   (no gloves)
MR       .....                  s - +0 pair of boots
Stlth    ..........             (no amulet)
HPRegen  0.20/turn              y - ring of resist corrosion
MPRegen  0.10/turn              (no ring)

@: no status effects
A: retaliatory headbutt, horns 2
a: Renounce Religion


You were on level 5 of the Dungeon.
You worshipped Trog.
Trog was noncommittal.
You were not hungry.

You visited 1 branch of the dungeon, and saw 5 of its levels.

You collected 265 gold pieces.

Inventory:

Hand Weapons
 j - a +2 whip of flaming (weapon)
 l - a +2 mace of holy wrath
 q - a +0 flail of protection
 u - a +2 trident of venom
Armour
 b - a +0 scale mail
 c - a +1 shield (worn)
 h - a +0 chain mail (worn)
 s - a +0 pair of boots (worn)
Jewellery
 y - a ring of resist corrosion (left hand)
Wands
 A - a wand of digging (2)
Scrolls
 a - a scroll of identify
 n - 2 scrolls of magic mapping {unknown}
 o - a scroll of blinking {unknown}
 w - a scroll of enchant weapon {unknown}
 x - 4 scrolls of remove curse
 z - a scroll of teleportation {unknown}
Potions
 d - a potion of might
 e - 2 potions of brilliance {unknown}
 g - a potion of magic {unknown}
 i - 7 potions of curing
 k - 2 potions of haste
 m - 2 potions of agility {unknown}
 p - a potion of degeneration {unknown}
 r - a potion of ambrosia {unknown}
 t - 4 potions of flight
 v - a potion of resistance {unknown}
Comestibles
 f - 9 rations


   Skills:
 + Level 6.4 Fighting
 * Level 8.0 Maces & Flails
 - Level 3.6 Armour
 + Level 6.4 Shields


You had 6 spell levels left.
You didn't know any spells.
Your spell library was empty.

Dungeon Overview and Level Annotations

Branches:
Dungeon (5/15)
 Temple: D:4-7

Altars:
Trog
The Shining One


Innate Abilities, Weirdness & Mutations

You reflexively headbutt those who attack you in melee.
You have a pair of horns on your head.


Message History

The bullfrog zombie hits you but does no damage.
You block the bullfrog zombie's attack. Something hits you but does no damage.
A magic dart appears from out of thin air!
The magic dart hits you but does no damage.
The orc wizard gestures wildly while chanting.
The orc wizard blinks!
The orc wizard is no longer moving quickly.
The orc wizard mumbles some strange words.
The orc wizard blinks!
You block the bullfrog zombie's attack.
You hear some strange, mumbled words.
A puff of frost appears from out of thin air!
You block the puff of frost.
You hear a zap.
A bolt of acid appears from out of thin air!
The bolt of acid hits you. You resist.
* * * LOW HITPOINT WARNING * * *
You are splashed with acid.
You resist.
You die...

##.#.##.#.#
#.###.####.#######..#
##(#§##.#.###......#
#>#######..#
##.#...............#
#..........#
##......o..o.......#
#..######.##
##.####§#.###......###..#
#.# ##.# #.#.#
#...Z.......# #.# ##.#
##.#.######.#####.## #.#
...# #.......# #.# #.#
#.# ##.###.#####.# #@#
#.# #.# .......#
#.###.#####<#######.#
.......#
#.......(...........#
#.####.#
#.###################
#......#####.#
######.......# #########


You could see a bullfrog zombie.

Vanquished Creatures
  Pikel (D:5)
  A phantom (D:5)
  A centaur zombie (D:5)
  An orc wizard (D:4)
  Jessica (D:3)
  A worker ant (D:3)
  A hound zombie (D:5)
  3 gnolls (D:2)
  10 adders
  4 oozes
  An adder skeleton (D:4)
  3 worms
  3 dart slugs
  4 leopard geckos
  14 orcs
  4 giant cockroaches
  8 goblins
  4 hobgoblins
  3 jackals (D:4)
  12 kobolds
  2 quokkas
  8 bats
  5 frilled lizards
  8 rats
103 creatures vanquished.

Vanquished Creatures (others)
  A slave (D:5)
  A worker ant (D:5)
  An adder (D:5)
  A kobold (D:5)
4 creatures vanquished.

Grand Total: 107 creatures vanquished

Notes
Turn   | Place    | Note
-------+----------+-------------------------------------------
     0 | D:1      | Mrkan the Minotaur Fighter began the quest for the Orb.
     0 | D:1      | Reached XP level 1. HP: 19/19 MP: 0/0
    30 | D:1      | Reached XP level 2. HP: 23/27 MP: 1/1
    68 | D:1      | Reached skill level 3 in Maces & Flails
   623 | D:1      | Reached XP level 3. HP: 29/33 MP: 2/2
  1193 | D:2      | Reached skill level 4 in Maces & Flails
  1260 | D:2      | Reached XP level 4. HP: 24/41 MP: 3/3
  2006 | D:3      | Reached XP level 5. HP: 38/47 MP: 4/4
  2209 | D:3      | Reached skill level 5 in Maces & Flails
  2260 | D:3      | Noticed Jessica
  2269 | D:3      | Killed Jessica
  2505 | D:3      | Reached skill level 5 in Fighting
  2514 | D:3      | Reached skill level 5 in Shields
  2924 | D:4      | Reached XP level 6. HP: 47/56 MP: 5/5
  3186 | D:4      | Found a glowing golden altar of the Shining One.
  3607 | D:5      | Entered Level 5 of the Dungeon
  3678 | D:5      | Reached skill level 6 in Maces & Flails
  3739 | D:5      | Noticed a slave
  3740 | D:5      | Noticed Pikel
  3740 | D:5      | Noticed a slave
  3740 | D:5      | Noticed a slave
  3740 | D:5      | Noticed a slave
  3775 | D:5      | Killed Pikel
  3775 | D:5      | Reached skill level 7 in Maces & Flails
  3775 | D:5      | Reached XP level 7. HP: 40/64 MP: 6/6
  3797 | D:5      | Found a bloodstained altar of Trog.
  3826 | D:5      | Became a worshipper of Trog the Wrathful
  3985 | D:5      | Reached skill level 8 in Maces & Flails
  4076 | D:5      | HP: 3/64 [something/wand of acid (13) (5)]
  4076 | D:5      | Splashed by an orc wizard's acid

Skill      XL: |  1  2  3  4  5  6  7 |
---------------+----------------------+-----
Maces & Flails | 3 4 5 7 8 |  8.0
Fighting       | 4 5 6 |  6.4
Shields        | 4 5 6 |  6.4
Armour         | |  3.6

Action                   |  1- 3 |  4- 6 |  7- 9 || total
-------------------------+-------+-------+-------++-------
Melee: Flail             |   113 |   326 |       ||   439
       Headbutt          |    13 |    46 |     7 ||    66
       Whip              |       |       |    24 ||    24
  Use: Scroll            |     2 |     7 |       ||     9
  Eat: Chunk             |     1 |     9 |     1 ||    11
Armor: Scale mail        |    34 |       |       ||    34
       Chain mail        |    81 |   169 |    17 ||   267
Dodge: Dodged            |    46 |    64 |     8 ||   118
Block: Shield            |    97 |   209 |    23 ||   329
